 Dungeon Crawl Stone Soup version 0.31-a0-435-g2c6fae2916 (webtiles) character file.

Game seed: 4589892831549088512

12215 Ethylacetat the Mimic (level 11, 0/81 HPs)
             Began as an Octopode Shapeshifter on Aug 1, 2023.
             Was an Initiate of Gozag.
             Slain by a centaur (5 damage)
             ... on level 9 of the Dungeon.
             The game lasted 00:28:17 (8664 turns).

Ethylacetat the Mimic (Octopode Shapeshifter)       Turns: 8664, Time: 00:28:19

Health: 0/81       AC:  1    Str: 10 (12) XL:     11   Next: 89%
Magic:  11/11      EV: 14    Int:  9 (10) God:    Gozag
Gold:   765        SH: 11    Dex: 18 (20) Spells: 10/10 levels left

rFire   . . .        j - +1 demon whip (venom)
rCold   . . .        n - +2 buckler
rNeg    . . .        (helmet currently unavailable)
rPois   .            o - amulet of reflection
rElec   .            (no ring)
rCorr   .            (no ring)
SInv    .            (no ring)
Will    .....        (no ring)
Stlth   +++          (no ring)
HPRegen 0.33/turn    (no ring)
MPRegen 0.12/turn    (no ring)
                     (no ring)

%: reflection
@: beast-form, gold aura
A: beast (slay +7), almost no armour, amphibious, 8 rings, camouflage 1,
gelatinous body 1, (nimble swimmer 1), tentacles, antennae 1, agile 1,
deterioration 1, weak 1
a: Begin Untransformation, Renounce Religion, Potion Petition, Call Merchant,
Bribe Branch


You were on level 9 of the Dungeon.
You worshipped Gozag.
Gozag was pleased with you.
You were a hulking beast.
You visited 2 branches of the dungeon, and saw 10 of its levels.

You collected 930 gold pieces.
You paid 165 gold pieces to Gozag.

Inventory:

Hand Weapons
 j - a +1 demon whip of venom (weapon)
Armour
 c - a +1 hat
 n - a +2 buckler (worn)
Jewellery
 o - an amulet of reflection (around mantle)
Talismans
 b - a beast talisman (active)
Wands
 y - a wand of polymorph (24)
Scrolls
 d - 4 scrolls of fog {unknown}
 e - 10 scrolls of identify {unknown}
 f - a scroll of enchant armour {unknown}
 g - 2 scrolls of acquirement {unknown}
 h - a scroll of revelation {unknown}
 l - 4 scrolls of teleportation {unknown}
 m - a scroll of poison {unknown}
 p - 4 scrolls of enchant weapon {unknown}
 u - a scroll of amnesia {unknown}
 v - 2 scrolls of fear {unknown}
Potions
 i - 2 potions of enlightenment
 k - a potion of resistance


   Skills:
 + Level 9.9 Fighting
 - Level 3.4 Dodging
 + Level 8.7 Unarmed Combat
 * Level 11.7 Shapeshifting


You had 10 spell levels left.
You didn't know any spells.
Your spell library contained the following spells:

 Spells                   Type           Power      Damage    Failure   Level
 Apportation              Tloc           0%         N/A       52%         1
 Sting                    Tmut/Pois      0%         1d3       52%         1
 Summon Small Mammal      Summ           0%         N/A       52%         1
 Cigotuvi's Dreadful Rot  Necr/Pois/Air  0%         N/A       67%         2
 Ensorcelled Hibernation  Hex/Ice        0%         N/A       67%         2
 Passwall                 Tmut/Erth      0%         N/A       67%         2
 Poisonous Vapours        Pois/Air       0%         N/A       67%         2
 Call Canine Familiar     Summ           0%         N/A       88%         3
 Dazzling Flash           Conj/Hex       0%         N/A       88%         3
 Summon Guardian Golem    Hex/Summ       0%         N/A       88%         3
 Swiftness                Air            0%         N/A       88%         3
 Volatile Blastmotes      Fire/Tloc      0%         2d10      88%         3
 Olgreb's Toxic Radiance  Pois           0%         N/A       99%         4
 Summon Ice Beast         Ice/Summ       0%         N/A       99%         4
 Alistair's Intoxication  Tmut/Pois      0%         N/A       100%        5
 Arcjolt                  Conj/Air       0%         1d10      100%        5
 Freezing Cloud           Conj/Ice/Air   0%         6-21      100%        5
 Lee's Rapid Deconstruct  Erth           0%         3d4*      100%        5
 Summon Mana Viper        Hex/Summ       0%         N/A       100%        5
 Starburst                Conj/Fire      0%         6d3       100%        6
 Monstrous Menagerie      Summ           0%         N/A       100%        7
 Maxwell's Capacitive Co  Air            0%         ∞         100%        8


Dungeon Overview and Level Annotations

Branches:
Dungeon (9/15)             Temple (1/1) D:4
   Lair: D:8-11         Orc: D:9-12

Altars:
Ashenzari
Dithmenos
Elyvilon
Gozag
Hepliaklqana
Kikubaaqudgha
Makhleb
Nemelex Xobeh
Okawaru
Qazlal
Ru
Sif Muna
Trog
Vehumet
Wu Jian
Xom
Yredelemnul
Zin
The Shining One

Annotations:
D:4 2 transporters


Innate Abilities, Weirdness & Mutations

You are a hulking beast.
Your limbs bulge with bestial killing power. (Slay +7)
You cannot wear most types of armour.
You are amphibious.
You can wear up to eight rings at the same time.
Your skin changes colour to match your surroundings (Stealth+).
Your rubbery body absorbs attacks. (AC +1, EV +1)
((You are camouflaged when in or above water. (Stealth+)))
You have tentacles for arms and can constrict up to eight enemies at once.
You have a pair of small antennae on your head.
You are agile. (Dex +4, Str/Int -1)
Your body sometimes deteriorates upon taking damage.
You are weak. (Str -2)


Message History

The shadow hits you!
* * * LOW HITPOINT WARNING * * *
You hit the shadow.
Your tentacle-slap misses the shadow.
The shadow is severely damaged.
The centaur shoots an arrow.
You block the arrow with an invisible shield... and reflect it back!
The arrow closely misses the centaur.
The centaur barely misses you. The centaur kicks you.
* * * LOW HITPOINT WARNING * * *
You block the shadow's attack.
The centaur shoots an arrow.
You block the arrow with an invisible shield... and reflect it back!
The arrow hits the centaur!
The centaur hits you.
* * * LOW HITPOINT WARNING * * *
The centaur closely misses you.
You feel better.
The centaur shoots an arrow.
The arrow hits you!
* * * LOW HITPOINT WARNING * * *
Your body deteriorates!
You feel clumsy.
The centaur closely misses you. x2; The shadow closely misses you.
The centaur shoots an arrow.
You block the arrow with an invisible shield... and reflect it back!
The arrow hits the centaur.
You kill the centaur!
You block the centaur's attack. The centaur misses you.
Okay, then.
You hit the shadow. You squeeze the shadow.
The shadow is almost destroyed.
The shadow hits you. You block the centaur's attack.
The centaur barely misses you. The shadow hits you.
* * * LOW HITPOINT WARNING * * *
You whack the shadow!
You destroy the shadow!
You block the centaur's attack. x2
The centaur is distracted by your dazzling golden aura.
The centaur shouts!
You whack the centaur!
The centaur is poisoned.
The centaur is no longer distracted by gold.
The centaur is almost dead.
You block the centaur's attack. x2; The centaur hits you.
You die...
Your body crumbles into a pile of gold.

$
#...◎............
.
#................
.
#............$..
. #..............
#.............
#.............
#.....c.......
#..<..h$......
#########.....
?.. . $


You could see a centaur (very poisoned).

Vanquished Creatures
  Amaemon (D:8)
  Pikel (D:8)
  Joseph (D:7)
  A gargoyle (D:6)
  Maggie (D:7)
  An orange demon (D:8)
  A troll (D:9)
  Sigmund (D:4)
  A wraith (D:7)
  A shadow (D:9)
  2 wyverns
  3 yaks
  Grum (D:8)
  A steam dragon (D:7)
  A water moccasin (D:7)
  Duvessa (D:5)
  3 ice beasts
  2 black bears
  An orc warrior (D:7)
  2 sky beasts
  2 ogres
  2 wolves (D:8)
  3 centaurs
  2 phantoms
  A kobold brigand (D:7)
  4 bullfrogs
  2 scorpions
  4 wights (D:8)
  Dowan (D:5)
  3 killer bees (D:8)
  2 jellies
  6 orc priests
  A gnoll bouda (D:6)
  2 sleepcaps (D:7)
  Ijyb (D:5)
  2 iguanas (D:7)
  5 orc wizards
  6 gnolls
  8 adders
  A white imp (D:5)
  2 ufetubi (D:5)
  3 dart slugs
  24 orcs
  5 endoplasms
  4 giant cockroaches
  11 hobgoblins
  7 jackals
  4 quokkas
  4 ball pythons
  7 bats
  6 frilled lizards
  4 goblins
  18 kobolds
  6 rats
190 creatures vanquished.

Notes
Turn   | Place    | Note
-------+----------+-------------------------------------------
     0 | D:1      | Ethylacetat the Octopode Shapeshifter began the quest for
                  | the Orb.
     0 | D:1      | Reached XP level 1. HP: 13/13 MP: 1/1
   212 | D:1      | Reached XP level 2. HP: 18/18 MP: 2/2
   701 | D:1      | Got the Thoughts on Tephra and Breath
   980 | D:2      | Reached XP level 3. HP: 23/23 MP: 3/3
  1259 | D:2      | Reached XP level 4. HP: 27/29 MP: 4/4
  2167 | D:3      | Reached XP level 5. HP: 33/35 MP: 5/5
  2816 | D:4      | Identified the +2 robe "Damnable Contraption" {+Blink rF++
                  | MP-9}
  2817 | D:4      | Found a transporter.
  2834 | D:4      | Noticed a phantom
  2844 | D:4      | Killed a phantom
  2845 | D:4      | Reached XP level 6. HP: 41/41 MP: 6/6
  2876 | D:4      | Found a burning altar of Makhleb.
  2879 | D:4      | Noticed Sigmund
  2881 | D:4      | You fall into a shaft and drop 1 floor!
  2881 | D:5      | Entered Level 5 of the Dungeon
  2901 | D:5      | Noticed Ijyb
  2912 | D:5      | Killed Ijyb
  2932 | D:5      | Found a basalt altar of Yredelemnul.
  2942 | D:5      | Found a glowing golden altar of the Shining One.
  2964 | D:5      | Noticed Duvessa
  3078 | D:4      | Found a transporter.
  3080 | D:4      | Noticed a fire bat
  3156 | D:4      | Killed Sigmund
  3157 | D:4      | Reached skill level 4 in Shapeshifting
  3366 | D:4      | Found a staircase to the Ecumenical Temple.
  3372 | Temple   | Entered the Ecumenical Temple
  3421 | D:5      | Noticed a black bear
  3429 | D:5      | Killed a black bear
  3430 | D:5      | Reached XP level 7. HP: 46/46 MP: 7/7
  3529 | D:5      | Reached skill level 5 in Shapeshifting
  3674 | D:5      | Reached skill level 5 in Unarmed Combat
  3778 | D:5      | Noticed Dowan
  3785 | D:5      | Killed Dowan
  3788 | D:5      | Reached XP level 8. HP: 43/54 MP: 8/8
  3791 | D:5      | Killed Duvessa
  3897 | D:5      | Found the Hermit's Pendant {Faith Invo=14 Evo=0 MP+5}
  3931 | D:5      | Found a hazy altar of Hepliaklqana.
  4145 | D:5      | Noticed an angel
  4316 | D:6      | Reached skill level 6 in Shapeshifting
  4352 | D:6      | Found an ancient bone altar of Kikubaaqudgha.
  4437 | D:6      | Noticed a wyvern
  4443 | D:6      | Killed a wyvern
  4444 | D:6      | Reached skill level 5 in Fighting
  4509 | D:6      | Noticed a gargoyle
  4512 | D:6      | Killed a gargoyle
  4513 | D:6      | Reached skill level 7 in Shapeshifting
  4513 | D:6      | Reached XP level 9. HP: 24/62 MP: 9/9
  5025 | D:7      | Found an ornate altar of the Wu Jian Council.
  5027 | D:7      | Found a bloodstained altar of Trog.
  5275 | D:7      | Found an opulent altar of Gozag.
  5291 | D:7      | Became a worshipper of Gozag Ym Sagoz the Greedy
  5295 | D:7      | Noticed Joseph
  5305 | D:7      | Killed Joseph
  5589 | D:7      | Found a sparkling altar of Nemelex Xobeh.
  5660 | D:7      | HP: 3/63 [centaur/arrow (14)]
  5664 | D:7      | Gained mutation: You are weak. (Str -2) [potion of
                  | mutation]
  5664 | D:7      | Gained mutation: Your body sometimes deteriorates upon
                  | taking damage. [potion of mutation]
  5664 | D:7      | Gained mutation: You are agile. (Dex +4, Str/Int -1)
                  | [potion of mutation]
  5664 | D:7      | Gained mutation: You have a pair of small antennae on your
                  | head. [potion of mutation]
  6098 | D:7      | Reached skill level 8 in Shapeshifting
  6375 | D:7      | Found a shimmering blue altar of Sif Muna.
  6417 | D:7      | Noticed Maggie
  6427 | D:7      | Killed Maggie
  6707 | D:7      | Reached XP level 10. HP: 69/69 MP: 10/10
  7062 | D:8      | Noticed Pikel
  7081 | D:8      | Killed Pikel
  7082 | D:8      | Reached skill level 9 in Shapeshifting
  7279 | D:8      | Found a stormy altar of Qazlal.
  7414 | D:8      | Noticed Grum
  7424 | D:8      | Noticed an orange demon
  7452 | D:8      | Killed Grum
  7456 | D:8      | Killed an orange demon
  7501 | D:8      | Noticed Amaemon
  7505 | D:8      | Reached skill level 11 in Shapeshifting
  7505 | D:8      | Reached XP level 11. HP: 57/80 MP: 11/11
  7524 | D:8      | Killed Amaemon
  8662 | D:9      | HP: 4/81 [shadow (4)]
  8664 | D:9      | Slain by a centaur

Illustrated notes

Levels and vault maps discovered:
D:1:      eino_arrival_water_star, layout_basic,
          hangedman_abyss_or_decor_lesser_grid
D:2:      kennysheep_six_static_rooms, layout_basic, serial_corexii_hall,
          corexii_hall_statues_i, corexii_hall_statues_deadend,
          corexii_hall_statues_t, st_stairs_3
D:3:      layout_basic
D:4:      gammafunk_cloud_chamber, layout_rooms, kennysheep_little_box,
          minmay_temple_entry_nine_rooms, uniq_sigmund
D:5:      nicolae_cairo_tiling_large_dashed, layout_basic,
          grunt_temple_overflow_holy_war, general_overflow_altar,
          dreamdust_wishing_well, chequers_decorated_corner, uniq_duvessa,
          uniq_ijyb
D:6:      layout_basic, kiku_gazebo_garden_becter, minmay_three_doors
D:7:      layout_basic, tgw_sif, nicolae_overflow_crystal_walls,
          nicolae_overflow_hidden_temple, mainiacjoe_overflow_catwalk_spiral,
          uniq_joseph, uniq_maggie
D:8:      layout_cave_pods, lemuel_crystal_altar, uniq_amaemon, uniq_pikel,
          uniq_grum
D:9:      layout_cross, nicolae_uskayaw_en_pointe, mainiacjoe_overflow_catwalk
Temple:   hellmonk_temple_two_chambers

Skill      XL: |  1  2  3  4  5  6  7  8  9 10 |
---------------+-------------------------------+-----
Fighting       | 2 3 4 5 6 9 |  9.9
Dodging        | 3 |  3.4
Unarmed Combat | 4 5 6 7 8 |  8.7
Shapeshifting  | 4 5 7 8 11 | 11.7

Action                     |  1- 3 |  4- 6 |  7- 9 | 10-12 || total
---------------------------+-------+-------+-------+-------++-------
  Melee: Unarmed           |    56 |    97 |   121 |    89 ||   363
         Constrict         |    14 |    28 |    24 |    21 ||    87
         Tentacles         |     8 |    16 |    34 |    31 ||    89
         Punch             |       |     2 |     4 |    10 ||    16
         Demon whip        |       |       |       |    32 ||    32
  Evoke: Wand              |       |     5 |    20 |     6 ||    31
    Use: Potion            |       |     8 |     5 |     7 ||    20
   Stab: Sleeping          |    10 |    10 |       |     3 ||    23
 Armour: Skin              |     3 |    13 |     2 |    27 ||    45
  Dodge: Dodged            |    26 |    44 |    48 |    54 ||   172
  Block: Buckler           |       |    38 |    52 |    87 ||   177
         Reflection        |       |     1 |    13 |     7 ||    21

Table legend: (Time is in decaauts)
 A = Elapsed time spent in this place.
 B = Non-inter-level travel time spent in this place.
 C = Inter-level travel time spent in this place.
 D = Time resting spent in this place.
 E = Time spent auto-exploring this place.
 F = Levels seen in this place.
 G = Mean time per level.
                   A        B        C        D        E       F      G
               +--------+--------+--------+--------+--------+-----+--------+
         Total |   8659 |   8375 |    284 |   1148 |   5775 |  10 |  865.9 |
       Dungeon |   8652 |   8368 |    284 |   1148 |   5775 |   9 |  961.3 |
        Temple |      7 |      7 |      0 |      0 |      0 |   1 |    7.0 |
               +--------+--------+--------+--------+--------+-----+--------+

Top non-repeatable levels by time:
     D:7: 2112 daAuts
     D:8: 1501 daAuts
     D:2: 1110 daAuts
     D:5: 919 daAuts
     D:3: 827 daAuts
     D:6: 821 daAuts
     D:1: 799 daAuts
     D:4: 514 daAuts
     D:9: 45 daAuts
  Temple: 7 daAuts
